 Dungeon Sprint DCSS version 0.29-a0-1006-g0dd7720b37 (webtiles) character file.

Game seed: 15447767800964622143

1517 wilfster70 the Cleaver (level 8, -13/79 HPs)
             Began as a Minotaur Fighter on Aug 6, 2022.
             Was an Initiate of Gozag.
             Hit by a large rock thrown by a cyclops (29 damage)
             ... in the Dungeon (Sprint IX: "|||||||||||||||||||||||||||||").
             The game lasted 00:02:22 (450 turns).

wilfster70 the Cleaver (Minotaur Fighter)            Turns: 450, Time: 00:02:22

Health: -13/79     AC: 14    Str: 26    XL:     8   Next: 54%
Magic:  7/7        EV: 11    Int:  8    God:    Gozag
Gold:   45         SH:  6    Dex: 10    Spells: 7/7 levels left

rFire   . . .      SeeInvis .   a - +3 war axe (vorpal)
rCold   . . .      Faith    .   c - +0 buckler
rNeg    . . .      Spirit   .   q - +1 chain mail
rPois   .          Reflect  .   (helmet restricted)
rElec   .          Harm     .   (no cloak)
rCorr   .          Rampage  .   (no gloves)
Will    .....      NoTele   +   o - +0 pair of boots
Stlth   ..........              (no amulet)
HPRegen 0.23/turn               n - +3 ring of strength
MPRegen 0.10/turn               p - +3 ring of intelligence

@: mighty, brilliant, on berserk cooldown, slowed, very slow
A: horns 2, retaliatory headbutt
a: Renounce Religion, Potion Petition, Call Merchant, Bribe Branch


You were in the Dungeon.
You worshipped Gozag.
Gozag was noncommittal.
You visited 1 branch You collected 513 gold pieces.
You paid 468 gold pieces to Gozag.

Inventory:

Hand Weapons
 a - a +3 vorpal war axe (weapon)
 b - a +2 rapier of venom
Armour
 c - a +0 buckler (worn)
 o - a +0 pair of boots (worn)
 q - a +1 chain mail (worn)
Jewellery
 n - a +3 ring of strength (left hand)
 p - a +3 ring of intelligence (right hand)
Wands
 m - a wand of acid (10)
Scrolls
 j - 2 scrolls of blinking
 l - 2 scrolls of amnesia
Potions
 d - a potion of might
 e - 5 potions of curing
 g - a potion of haste
 h - 4 potions of magic
 i - a potion of berserk rage
 k - a potion of invisibility


   Skills:
 + Level 10.0 Fighting
 * Level 13.6 Axes
 + Level 10.0 Armour
 + Level 8.4 Dodging
 + Level 10.1 Shields


You had 7 spell levels left.
You didn't know any spells.
Your spell library was empty.

Dungeon Overview and Level Annotations

Branches:
Dungeon (1/1)

Altars:
Cheibriados
Dithmenos
Elyvilon
Fedhas
Gozag
Hepliaklqana
Kikubaaqudgha
Makhleb
Nemelex Xobeh
Okawaru
Qazlal
Ru
Sif Muna
Trog
Uskayaw
Vehumet
Wu Jian
Xom
Yredelemnul
Zin
The Shining One
Jiyva
Lugonu


Innate Abilities, Weirdness & Mutations

You have a pair of horns on your head.
You reflexively headbutt those who attack you in melee.


Message History

You are slowing down.
Your Fighting skill increases to level 10!
Your Armour skill increases to level 10!
Your Shields skill increases to level 10!
The basilisk gazes at you. You resist with some effort.
Your limbs are stiffening.
You feel a strong urge to attack something.
You slice the basilisk!!
The basilisk is severely wounded.
The basilisk bites you!
* * * LOW HITPOINT WARNING * * *
You have turned to stone.
The basilisk bites you.
* * * LOW HITPOINT WARNING * * *
The basilisk bites you.
* * * LOW HITPOINT WARNING * * *
The cyclops is distracted by your dazzling golden aura.
The basilisk bites you.
* * * LOW HITPOINT WARNING * * *
The basilisk gazes at you. You resist with some effort.
You are no longer berserk.
You feel yourself slow down. The basilisk gazes at you.
The cyclops is no longer distracted by gold.
The basilisk bites you but does no damage.
The basilisk bites you.
* * * LOW HITPOINT WARNING * * *
The basilisk bites you but does no damage. x2
The basilisk bites you.
* * * LOW HITPOINT WARNING * * *
You turn to flesh and can move again.
Unknown command.
Unknown command.
You slash the basilisk!
You kill the basilisk!
You are no longer corroded.
The cyclops throws a large rock.
The large rock hits you!!
You die...
Your body crumbles into a pile of gold.

▓▓▓▓▓▓▓▓▓▓▓▓▓▓▓▓▓▓▓▓▓▓▓
.)..[[..'))....'@$C...+
▓▓▓▓▓▓▓▓▓▓▓▓▓▓▓▓▓▓▓▓▓▓▓
$ $$$ $ $ $


$$$$$ You could see a cyclops.

Vanquished Creatures
  A manticore (D)
  A gargoyle (D)
  A shadow (D)
  A wraith (D)
  A basilisk (D)
  An acid dragon (D)
  An orc warrior (D)
  2 centaurs (D)
  A wight (D)
  3 hounds (D)
  An orc priest (D)
  An adder (D)
  A worm (D)
  A dart slug (D)
  A goblin (D)
  A hobgoblin (D)
  A kobold (D)
  A ball python (D)
21 creatures vanquished.

Notes
Turn   | Place    | Note
-------+----------+-------------------------------------------
     0 | D        | wilfster70 the Minotaur Fighter began the quest for the
                  | Orb.
     0 | D        | Reached XP level 1. HP: 19/19 MP: 0/0
     9 | D        | Reached skill level 3 in Axes
     9 | D        | Reached skill level 1 in Dodging
    49 | D        | Noticed a hound
    49 | D        | Noticed a hound
    49 | D        | Noticed a hound
    52 | D        | Killed a hound
    53 | D        | Reached skill level 5 in Axes
    53 | D        | Reached XP level 2. HP: 28/28 MP: 1/1
    53 | D        | Reached XP level 3. HP: 34/34 MP: 2/2
    65 | D        | Reached skill level 5 in Fighting
    65 | D        | Reached skill level 6 in Axes
    65 | D        | Reached skill level 5 in Armour
    65 | D        | Reached skill level 5 in Shields
    65 | D        | Reached XP level 4. HP: 28/42 MP: 3/3
   182 | D        | Found a snail-covered altar of Cheibriados.
   182 | D        | Found a shadowy altar of Dithmenos.
   182 | D        | Found a white marble altar of Elyvilon.
   182 | D        | Found a blossoming altar of Fedhas.
   182 | D        | Found an opulent altar of Gozag.
   183 | D        | Found a hazy altar of Hepliaklqana.
   184 | D        | Found a viscous altar of Jiyva.
   185 | D        | Found an ancient bone altar of Kikubaaqudgha.
   186 | D        | Found a corrupted altar of Lugonu.
   187 | D        | Found a burning altar of Makhleb.
   188 | D        | Found a sparkling altar of Nemelex Xobeh.
   189 | D        | Found an iron altar of Okawaru.
   190 | D        | Became a worshipper of Gozag Ym Sagoz the Greedy
   191 | D        | Found a stormy altar of Qazlal.
   192 | D        | Found a sacrificial altar of Ru.
   193 | D        | Found a shimmering blue altar of Sif Muna.
   194 | D        | Found a bloodstained altar of Trog.
   195 | D        | Found a hide-covered altar of Uskayaw.
   196 | D        | Found a radiant altar of Vehumet.
   197 | D        | Found an ornate altar of the Wu Jian Council.
   198 | D        | Found a shimmering altar of Xom.
   199 | D        | Found a basalt altar of Yredelemnul.
   200 | D        | Found a glowing silver altar of Zin.
   201 | D        | Found a glowing golden altar of the Shining One.
   252 | D        | Noticed a centaur
   252 | D        | Noticed a centaur
   252 | D        | Noticed a wraith
   252 | D        | Noticed an orc warrior
   256 | D        | Killed a centaur
   257 | D        | Reached skill level 8 in Axes
   257 | D        | Reached XP level 5. HP: 34/51 MP: 4/4
   262 | D        | Killed a centaur
   263 | D        | Reached skill level 9 in Axes
   263 | D        | Reached skill level 5 in Dodging
   263 | D        | Reached XP level 6. HP: 36/60 MP: 5/5
   270 | D        | Killed a wraith
   271 | D        | Reached skill level 10 in Axes
   278 | D        | Killed an orc warrior
   279 | D        | Reached skill level 11 in Axes
   279 | D        | Reached XP level 7. HP: 41/68 MP: 6/6
   407 | D        | Noticed a manticore
   407 | D        | Noticed a gargoyle
   407 | D        | Noticed a shadow
   407 | D        | Noticed a basilisk
   407 | D        | Noticed a cyclops
   414 | D        | Killed a manticore
   415 | D        | Reached skill level 12 in Axes
   425 | D        | Reached XP level 8. HP: 21/78 MP: 7/7
   428 | D        | HP: 2/78 [gargoyle/+0 dire flail (24)]
   433 | D        | Killed a gargoyle
   434 | D        | Reached skill level 13 in Axes
   437 | D        | Reached skill level 10 in Fighting
   437 | D        | Reached skill level 10 in Armour
   437 | D        | Reached skill level 10 in Shields
   450 | D        | Hit by a large rock thrown by a cyclops

Illustrated notes

Levels and vault maps discovered:
D:        linesprint [early_d, line_temple, items_1, d_10, items_2, lair_1,
          lair_end, items_3, orc_1, orc_end, items_4, d_15, swamp_1, shoals_1,
          snake_1, spider_1, d_20, vaults_1, items_5, swamp_end, shoals_end,
          snake_end, spider_end, vaults_end, d_27, items_6, zot_1, zot_end,
          crypt_end, forest_end, elf_end, slime_end, tomb_end, abyss_end,
          pan_hell_end]

Skill      XL: |  1  2  3  4  5  6  7  8 |
---------------+-------------------------+-----
Axes           | 5 6 8 9 11 12 13 | 13.6
Dodging        | 2 3 4 5 6 7 8 |  8.4
Fighting       | 4 5 6 7 8 9 10 | 10.0
Armour         | 4 5 6 7 8 9 10 | 10.0
Shields        | 4 5 6 7 8 9 10 | 10.1

Action                   |  1- 3 |  4- 6 |  7- 9 || total
-------------------------+-------+-------+-------++-------
Melee: War axe           |    24 |    32 |    28 ||    84
       Headbutt          |     4 |     9 |     5 ||    18
Invok: Potion Petition   |       |       |     1 ||     1
  Use: Potion            |       |       |     3 ||     3
 Stab: Distracted        |       |     1 |       ||     1
Armor: Scale mail        |     8 |     2 |       ||    10
       Chain mail        |       |    15 |     9 ||    24
Dodge: Dodged            |    15 |    17 |     8 ||    40
Block: Buckler           |     2 |     6 |    10 ||    18

Table legend: (Time is in decaauts)
 A = Elapsed time spent in this place.
 B = Non-inter-level travel time spent in this place.
 C = Inter-level travel time spent in this place.
 D = Time resting spent in this place.
 E = Time spent auto-exploring this place.
 F = Levels seen in this place.
 G = Mean time per level.
                   A        B        C        D        E       F      G
               +--------+--------+--------+--------+--------+-----+--------+
         Total |    457 |    457 |      0 |    248 |      0 |   1 |  457.0 |
       Dungeon |    457 |    457 |      0 |    248 |      0 |   1 |  457.0 |
               +--------+--------+--------+--------+--------+-----+--------+

Top non-repeatable levels by time:
       D: 457 daAuts
